Cogmind - Beta 15 @@@ ROGUE MODE // 2025.05.10 @ 11:25:54 Player: CrossedViper Result: Destroyed by H-66 Slayer with Gauss Rifle Performance ------------- Evolutions (4) 2000 Regions Visited (8) 1600 Robots Destroyed (149) 745 Value Destroyed (4200) 4200 Prototype IDs (9) 180 Alien Tech Used (0) 0 Bonus (1113) 1113 TOTAL SCORE: 9838 Bonus ------- High Alert Combat Kills 143 Follower Combat Kills 170 Registered with UFD 300 Met Optimus in HQ 500 Cogmind --------- Core Integrity 0/850 Matter 202/300 Energy 84/100 System Corruption 18% Temperature Cool (1) Movement Flying (40) Location -6/Factory Parts ------- > --- POWER (1) -------- (None) > --- PROPULSION (4) --- Nuclear Pulse Thruster > --- UTILITY (8) ------ Medium Storage Unit Advanced Weight Redist. System Enhanced Optical Array Improved Signal Interpreter Hacking Suite Improved Hacking Suite System Shield > --- WEAPON (2) ------- (None) > --- INVENTORY (10) --- Micro Nuclear Core Cooled Aerolev Unit Advanced Sensor Array Expert System Transmission Jammer Cloaking Device Authchip [Propulsion] A0-MCA's Component Scanner Improved System Restoration Module Katana Peak State ------------ > --- POWER ------------ Micro Nuclear Core > --- PROPULSION ------- Nuclear Pulse Thruster Nuclear Pulse Thruster Nuclear Pulse Thruster Nuclear Pulse Thruster > --- UTILITY ---------- Medium Storage Unit Enhanced Optical Array Advanced Sensor Array Improved Signal Interpreter Advanced Reaction Control System Hacking Suite Improved Hacking Suite System Shield > --- WEAPON ----------- Mini Assault Cannon Scythe > --- INVENTORY -------- Micro Nuclear Core Cooled Aerolev Unit Advanced Weight Redist. System Expert System Transmission Jammer Cloaking Device Authchip [Propulsion] A0-MCA's Component Scanner Improved System Restoration Module Katana [Rating: 69] Favorites ----------- Power Heavy Ion Engine Engine Heavy Ion Engine Power Core Micro Nuclear Core Propulsion Light Treads Treads Light Treads Leg Improved VSS Leg Wheel Wheel Hover Unit Aerolev Unit Flight Unit Nuclear Pulse Thruster Utility Seismic Detector Device Seismic Detector Storage Large Storage Unit Processor Enhanced Optical Array Hackware System Shield Protection Hardened Light Armor Plating Weapon Improved Assault Rifle Energy Gun Medium Laser Energy Cannon Advanced Beam Cannon Ballistic Gun Improved Assault Rifle Ballistic Cannon Mini Assault Cannon Launcher Rocket Launcher Special Weapon Plasma Cutter Slashing Weapon Katana Build | -11 -10 -9 -9 -9 -9 -6 -6 -6 ------- Run | Yrd Mat Mat Sto Rec Scr Fac Was Fac Slots Evolved 8 | . . 2 . . . 6 . . Power . | . . . . . . . . . Propulsion 2 | . . 1 . . . 1 . . Utility 6 | . . 1 . . . 5 . . Weapon . | . . . . . . . . . Parts Attached 115 | 7 4 22 18 5 12 35 . 12 Power 10 | 1 . 3 . . 2 4 . . Engine 7 | 1 . 3 . . 2 1 . . Core 3 | . . . . . . 3 . . Reactor . | . . . . . . . . . Propulsion 41 | 2 1 7 7 3 5 10 . 6 Treads 24 | 2 . 7 6 3 3 3 . . Leg 5 | . . . . . . 5 . . Wheel 2 | . 1 . 1 . . . . . Hover 2 | . . . . . . . . 2 Flight 8 | . . . . . 2 2 . 4 Utility 34 | 2 1 6 2 2 3 12 . 6 Device 14 | 1 1 3 . 1 1 3 . 4 Storage 5 | 1 . 2 . 1 . 1 . . Processor 4 | . . 1 . . 1 2 . . Hackware 5 | . . . . . . 3 . 2 Protection 6 | . . . 2 . 1 3 . . Artifact . | . . . . . . . . . Weapon 30 | 2 2 6 9 . 2 9 . . Energy Gun 5 | 2 . 1 2 . . . . . Energy Cannon 3 | . . . 2 . . 1 . . Ballistic Gun 11 | . 1 3 2 . 2 3 . . Ballistic Cannon 2 | . . . 1 . . 1 . . Launcher 6 | . 1 1 2 . . 2 . . Special Weapon 1 | . . 1 . . . . . . Impact Weapon . | . . . . . . . . . Slashing Weapon 2 | . . . . . . 2 . . Piercing Weapon . | . . . . . . . . . Special Melee Weapon . | . . . . . . . . . Unidentified Prototypes 8 | . . 2 4 . . . . 2 Parts Lost 30 | . 2 6 3 . . 14 . 5 Power 3 | . 1 . . . . 2 . . Propulsion 11 | . . 4 . . . 4 . 3 Utility 11 | . 1 1 3 . . 5 . 1 Weapon 5 | . . 1 . . . 3 . 1 Highest Loss Streak 6 | . 1 3 2 . . 6 . 3 To Critical Strikes . | . . . . . . . . . Average Backups 11 | 3 6 10 13 14 14 10 5 7 Power . | . 1 . . . . . . . Propulsion 2 | 1 2 3 3 2 3 . . . Utility 2 | . . 1 2 3 3 3 3 4 Weapon 4 | . 3 4 6 7 5 4 2 1 Tool/Special . | . . . . . . . . . Unused Backups 23 | . . 8 2 . 2 4 . 7 Power 1 | . . . . . . . . 1 Propulsion 1 | . . 1 . . . . . . Utility 7 | . . . . . 1 . . 6 Weapon 12 | . . 7 2 . 1 2 . . Tool/Special 2 | . . . . . . 2 . . Average Slot Usage (%) 89 | . 98 96 96 96 83 62 66 92 Engine 9 | . 13 10 10 11 10 1 . . Treads 23 | . 23 30 31 29 28 6 . . Wheel 1 | . 4 2 1 3 . . . . Flight 2 | . . . . . 2 2 6 20 Device 12 | . 12 18 13 8 10 8 13 15 Storage 9 | . 14 11 11 11 8 3 . 4 Processor 1 | . . . . . . 3 13 13 Hackware 2 | . . . . . . 6 13 18 Protection 4 | . . . 5 11 10 4 . . Energy Gun 2 | . 15 1 . . . . . . Energy Cannon 3 | . . . 6 10 5 2 . . Ballistic Gun 10 | . 11 18 13 9 7 3 . . Slashing Weapon 1 | . . . . . . 4 13 9 Peak Build Rating 69 | 7 7 17 20 20 27 57 41 69 Average Rating 20 | 5 6 14 16 19 16 35 41 59 On Entrance 18 | . 7 6 17 17 14 21 41 41 Naked Turns . | . . . . . . . . . Heaviest Build 61 | 12 14 36 41 61 58 56 11 25 Greatest Support 80 | 40 40 60 60 63 70 80 15 33 Greatest Overweight (x) 6 | 1 1 1 4 4 1 4 . 6 Average Overweight (x) . | . . . . 1 . . . . Largest Inventory Capacity 20 | 8 8 15 15 20 20 15 5 10 Average Capacity 12 | 7 8 12 15 18 14 10 5 9 Most Carried 20 | 4 8 15 15 17 20 15 5 10 Average Carried 11 | 3 6 10 13 14 14 10 5 7 Final Capacity 20 | 8 8 15 15 20 15 5 5 10 Final Carried 17 | 4 8 13 15 17 15 5 5 10 Class Distribution -------------------- 61% | Mutant 26% | Scavenger-Mutant 7% | Hacker-Scout 3% | Hacker-Mutant Dominant Class ---------------- Mutant | -10/Materials Scavenger-Mutant | -9/Materials Scavenger-Mutant | -9/Storage Mutant | -9/Recycling Mutant | -9/Scraptown Mutant | -6/Factory Hacker-Mutant | -6/Waste Hacker-Scout | -6/Factory Resources | -11 -10 -9 -9 -9 -9 -6 -6 -6 ----------- Run | Yrd Mat Mat Sto Rec Scr Fac Was Fac Matter Collected 3752 | 270 278 814 884 171 75 973 . 287 Remotely . | . . . . . . . . . Salvage Created 5689 | 79 504 1636 1330 575 . 1409 . 156 Parts 313 | 8 33 104 81 22 . 52 . 13 Haulers Intercepted 11 | . 2 4 3 . . 1 . 1 Recyclers Shooed 11 | . 1 1 2 3 . 4 . . Parts Field Recycled . | . . . . . . . . . Retrieved Matter . | . . . . . . . . . Parts Self-Destructed . | . . . . . . . . . Prevented . | . . . . . . . . . Kills | -11 -10 -9 -9 -9 -9 -6 -6 -6 ------- Run | Yrd Mat Mat Sto Rec Scr Fac Was Fac Combat Hostiles Destroyed 87 | . 12 26 25 2 . 22 . . Melee 2 | . . . . . . 2 . . Guns 42 | . 3 24 9 1 . 5 . . Cannons 9 | . . . 5 1 . 3 . . AOE 34 | . 9 2 11 . . 12 . . Classes Destroyed 15 | 1 5 5 1 . . 3 . . Worker 9 | . . 2 4 . . 3 . . Builder 3 | . . 1 . . . 2 . . Tunneler 8 | 4 3 1 . . . . . . Hauler 11 | . 2 4 3 . . 1 . 1 Recycler 14 | . . 4 2 5 . 3 . . Mechanic 4 | . . 1 3 . . . . . Operator 2 | . 1 . . . . . . 1 Watcher 11 | . 3 4 1 . . 1 . 2 Swarmer 10 | . 3 3 2 . . 2 . . Grunt 53 | . 9 16 14 . . 14 . . Brawler 1 | . . . 1 . . . . . Duelist 1 | . . . . . . 1 . . Sentry 18 | . . 7 8 2 . 1 . . Hunter 2 | . . . . . . 2 . . Programmer 2 | . . . . . . 2 . . Best Kill Streak 8 | 2 4 8 8 3 . 8 . 1 Combat Bots Only 6 | . 4 5 6 1 . 6 . . Max Kills in Single Turn 3 | 1 2 2 2 1 . 3 . 1 Gunslinging . | . . . . . . . . . Exploded 3 | . 2 2 2 . . 3 . . Melee 1 | . . . . . . 1 . . Uniques/NPCs Destroyed . | . . . . . . . . . Combat | -11 -10 -9 -9 -9 -9 -6 -6 -6 -------- Run | Yrd Mat Mat Sto Rec Scr Fac Was Fac Hostile Shots Fired 557 | . 29 110 91 8 . 169 . 150 Missed 190 | . 4 33 18 2 . 39 . 94 Hits 367 | . 25 77 73 6 . 130 . 56 Melee 3 | . . . . . . 1 . 2 Projectile 364 | . 25 77 73 6 . 129 . 54 AOE 1 | . . . . . . . . 1 Critical Strikes 9 | . . . 1 . . 4 . 4 Part Disruptions 1 | . . . . . . 1 . . Damage Taken 5827 | . 348 1065 1072 92 . 2434 . 816 Core 1216 | . 44 140 147 28 . 487 . 370 Absorbed by Shields . | . . . . . . . . . Regen/Repaired (Parts) 215 | . . 64 86 . . . . 65 Core Remaining (%) 67 | 100 82 . . . 21 . . . Volleys Fired 353 | 9 49 106 99 20 . 60 . 10 Largest 2 | 2 2 2 2 2 . 2 . 1 Hottest 113 | 90 70 83 91 91 . 113 . 40 Shots Fired 635 | 18 87 203 182 42 . 91 . 12 Gun 495 | 18 77 199 131 21 . 49 . . Cannon 92 | . . . 33 21 . 26 . 12 Launcher 48 | . 10 4 18 . . 16 . . Special . | . . . . . . . . . Kinetic 423 | . 39 166 131 21 . 54 . 12 Thermal 164 | 18 38 33 33 21 . 21 . . Explosive 48 | . 10 4 18 . . 16 . . Electromagnetic . | . . . . . . . . . Robot Hit Streak 28 | 7 16 15 28 4 . 10 . . Robot Miss Streak 4 | 1 4 3 3 3 . 4 . 4 Penetration Max 1 | . . . . . . 1 . . Secondary Targets 1 | . . . 1 . . . . . Max Gunslinging Chain 1 | . . . 1 . . . . . Shots Hit Robots 432 | 14 50 135 123 21 . 83 . 6 Core Hits 282 | 4 35 63 66 10 . 100 . 4 Critical Kills 1 | . . 1 . . . . . . Critical Parts Destroyed 1 | . . . . . . 1 . . Critical Strikes 8 | 2 1 2 . . . 3 . . Burn 4 | 2 1 1 . . . . . . Destroy 2 | . . 1 . . . 1 . . Sever 2 | . . . . . . 2 . . Melee Attacks 78 | . . . . . . 45 . 33 Impact . | . . . . . . . . . Slashing 78 | . . . . . . 45 . 33 Piercing . | . . . . . . . . . Sneak Attacks 9 | . . . . . . 6 . 3 Combat Hostiles . | . . . . . . . . . Follow-up Attacks 4 | . . . . . . 3 . 1 Damage Inflicted 12299 | 177 1318 2266 3358 392 . 4456 . 332 Guns 5214 | 177 573 2038 1399 205 . 822 . . Cannons 969 | . . . 411 187 . 371 . . Explosions 4633 | . 738 201 1538 . . 2156 . . Melee 1406 | . . . . . . 1074 . 332 Ramming 77 | . 7 27 10 . . 33 . . Kinetic 4422 | . 319 1644 1399 205 . 855 . . Thermal 2189 | 177 254 394 411 187 . 766 . . Explosive 3913 | . 738 201 1538 . . 1436 . . Electromagnetic 292 | . . . . . . 292 . . Impact . | . . . . . . . . . Slashing 1406 | . . . . . . 1074 . 332 Piercing . | . . . . . . . . . Highest Corruption 18 | . . 2 2 2 . 5 10 18 Average Corruption 4 | . . 2 2 2 . 2 7 12 Corruption Purged . | . . . . . . . . . Corruption Blocked . | . . . . . . . . . Effects 78 | . . 6 17 7 . 7 1 40 Message Errors 23 | . . 2 6 2 . 2 1 10 Matter Fused 20 | . . 2 5 1 . 1 . 11 Heat Flow Errors 4 | . . . . . . 1 . 3 Energy Discharges 11 | . . 2 1 1 . 2 . 5 Parts Rejected 2 | . . . 1 . . . . 1 Data Loss (minor) 5 | . . . 2 . . 1 . 2 Data Loss (major) 1 | . . . . 1 . . . . Misfires 5 | . . . 1 2 . . . 2 Alerts 1 | . . . 1 . . . . . Misdirections 6 | . . . . . . . . 6 Overload Shots . | . . . . . . . . . Overflow Damage 336 | . 5 24 33 . . 274 . . Projectiles 6 | . . . 6 . . . . . Explosions 161 | . 5 24 27 . . 105 . . Melee 169 | . . . . . . 169 . . Knockbacks 1 | . . . . . . 1 . . Impact . | . . . . . . . . . Kinetic 1 | . . . . . . 1 . . Secondary . | . . . . . . . . . Self-Inflicted Damage 461 | . 60 100 36 . . 265 . . Shots 13 | . 2 3 1 . . 7 . . Rammed 8 | . 2 3 3 . . . . . Targets Rammed 13 | . 2 4 3 . . 4 . . Kicked 4 | . . . . . . 4 . . Crushed 1 | . . 1 . . . . . . Highest Temperature 387 | 210 105 347 338 387 . 218 . 264 Average Temperature 79 | 89 28 72 84 151 . 47 . 84 Received Heat Transfer 1836 | . 144 420 420 27 . 732 . 93 Effects 3 | . . . 1 2 . . . . Shutdowns 1 | . . . 1 . . . . . Energy Bleed 1 | . . . . 1 . . . . Damage (minor) 1 | . . . . 1 . . . . Siege Activations . | . . . . . . . . . Martial Activations . | . . . . . . . . . Shielding Activations . | . . . . . . . . . Robots Disrupted 2 | . . . . . . 2 . . Combat Hostiles 2 | . . . . . . 2 . . Robots Corrupted . | . . . . . . . . . Combat Hostiles . | . . . . . . . . . Parts Fried 1 | . . . . . . 1 . . Impact Corruptions . | . . . . . . . . . Robots Melted . | . . . . . . . . . Combat Hostiles . | . . . . . . . . . Parts Melted 5 | 2 1 1 1 . . . . . Heat Transferred 4224 | 631 814 925 740 333 . 781 . . Parts Sabotaged . | . . . . . . . . . Parts Stolen . | . . . . . . . . . Parts Stripped . | . . . . . . . . . Power Chain Reactions 2 | . . . . . . 2 . . Alert | -11 -10 -9 -9 -9 -9 -6 -6 -6 ------- Run | Yrd Mat Mat Sto Rec Scr Fac Was Fac Maximum Alert Level 3 | . . 2 3 1 . 2 . 1 Low Security (%) 54 | 100 100 16 48 30 . 37 100 88 Level 1 35 | . . 76 10 69 . 62 . 11 Level 2 8 | . . 6 34 . . . . . Level 3 1 | . . . 6 . . . . . Level 4 . | . . . . . . . . . Level 5 . | . . . . . . . . . High Security . | . . . . . . . . . Max Security . | . . . . . . . . . Peak Influence 729 | 10 147 427 729 277 . 407 124 223 Initial 277 | . . 40 171 277 . . 124 79 Average 196 | . 55 264 312 214 . 223 119 115 Influence Increases 4536 | 20 558 977 1138 262 . 855 . 726 Destroy 0b10 Robot/C 1860 | . 240 520 620 40 . 440 . . Destroy 0b10 Robot/NC 310 | 20 45 85 65 25 . 50 . 20 Destroy Leader 522 | . 60 176 168 . . 114 . 4 Allied During Kill 26 | . . . 26 . . . . . Successful Hack 78 | . 16 2 14 2 . . . 44 Select Force Hacks 330 | . 60 30 60 180 . . . . Disable Machine 345 | . 45 45 60 15 . 150 . 30 Destroy Structure 285 | . 62 29 95 . . 71 . 28 Partial Spotted 30 | . . . . . . . . 30 Lose Combat Pursuer 750 | . 30 90 30 . . 30 . 570 Influence Decreases 4329 | 20 460 668 832 792 183 498 243 633 Entered New Map 1181 | . . 58 236 436 183 . 233 35 Time Decay 2658 | 20 440 550 526 356 . 358 10 398 Lost Part 300 | . 20 60 30 . . 140 . 50 Lost Ally 40 | . . . 40 . . . . . Purge Threat 150 | . . . . . . . . 150 Squads Dispatched 44 | . 4 7 8 . . 12 . 13 Investigation 20 | . 3 3 2 . . 5 . 7 Extermination 5 | . . . . . . 2 . 3 Reinforcement 11 | . 1 4 1 . . 2 . 3 Assault 2 | . . . 2 . . . . . Garrison 6 | . . . 3 . . 3 . . Intercept . | . . . . . . . . . Searches Triggered . | . . . . . . . . . Construction Impeded 3 | . . 1 1 . . 1 . . Haulers Reinforced 1 | . . . . . . 1 . . Active Scanning Responses . | . . . . . . . . . Cargo Convoy Interrupts . | . . . . . . . . . Stealth | -11 -10 -9 -9 -9 -9 -6 -6 -6 --------- Run | Yrd Mat Mat Sto Rec Scr Fac Was Fac Distress Signals 6 | . . 3 1 . . 1 . 1 Communications Jammed . | . . . . . . . . . Distress Signals . | . . . . . . . . . Times Spotted 199 | . 21 40 38 2 . 35 5 58 Peak Tracking Total 14 | . 4 8 4 1 . 8 5 14 Tactical Retreats 22 | . 1 4 2 . . 2 . 13 Traps | -11 -10 -9 -9 -9 -9 -6 -6 -6 ------- Run | Yrd Mat Mat Sto Rec Scr Fac Was Fac Traps Triggered 8 | . 1 2 1 . . 1 . 3 Indirectly . | . . . . . . . . . Trap Hack Attempts . | . . . . . . . . . Triggered . | . . . . . . . . . Disarmed . | . . . . . . . . . Reprogrammed . | . . . . . . . . . Reused . | . . . . . . . . . Traps Extracted . | . . . . . . . . . Installed . | . . . . . . . . . Triggered . | . . . . . . . . . Machines | -11 -10 -9 -9 -9 -9 -6 -6 -6 ---------- Run | Yrd Mat Mat Sto Rec Scr Fac Was Fac Machines Disabled 23 | . 3 3 4 1 . 10 . 2 Max in Single Turn 2 | . 2 1 1 1 . 2 . 1 Garrison Access 2 | . . . . . . . . 2 Machines Repaired . | . . . . . . . . . Machines Dismantled 2 | . . 1 1 . . . . . Machines Sabotaged . | . . . . . . . . . Overloaded Fab Kills . | . . . . . . . . . Hacking | -11 -10 -9 -9 -9 -9 -6 -6 -6 --------- Run | Yrd Mat Mat Sto Rec Scr Fac Was Fac Machines Accessed 62 | . 8 5 11 12 4 5 . 17 Terminals 29 | . 6 2 7 6 . . . 8 Fabricators 1 | . . . . . . . . 1 Repair Stations 4 | . . 1 2 . . . . 1 Recycling Units 21 | . 2 1 2 6 . 5 . 5 Scanalyzers 1 | . . 1 . . . . . . Garrison Access 2 | . . . . . . . . 2 Total Hacks 165 | . 18 18 23 31 22 6 . 47 Successful 98 | . 9 10 12 12 22 5 . 28 Failed 66 | . 8 8 11 19 . 1 . 19 Catastrophic 9 | . 1 2 1 3 . . . 2 Database Lockouts 1 | . 1 . . . . . . . Manual 91 | . 16 10 7 27 . 6 . 25 Terminals 90 | . 16 7 15 24 . . . 28 Fabricators 2 | . . . . . . . . 2 Repair Stations 10 | . . 1 5 . . . . 4 Recycling Units 30 | . 2 2 3 7 . 6 . 10 Scanalyzers 8 | . . 8 . . . . . . Garrison Access 3 | . . . . . . . . 3 Terminal Hacks 45 | . 3 . 5 3 22 . . 12 Record 22 | . . . . . 22 . . . Part Schematic 2 | . . . . 2 . . . . Robot Analysis 2 | . 2 . . . . . . . Open Door 4 | . . . 4 . . . . . Branch Access Points 1 | . . . . . . . . 1 Emergency Access Points 1 | . . . . . . . . 1 Machine Index 1 | . . . . . . . . 1 Terminal Index 1 | . . . . . . . . 1 Recycling Unit Index 1 | . . . . . . . . 1 Alert Level 2 | . . . . . . . . 2 Unreport Threat 1 | . . . . . . . . 1 Locate Traps 1 | . 1 . . . . . . . Dispatch Records 1 | . . . . 1 . . . . Hauler Manifests 2 | . . . 1 . . . . 1 Registered Components 1 | . . . . . . . . 1 Registered Prototypes 1 | . . . . . . . . 1 Zone Layout 1 | . . . . . . . . 1 Fabricator Hacks 1 | . . . . . . . . 1 Load Schematic 1 | . . . . . . . . 1 Repair Station Hacks 7 | . . . 3 . . . . 4 Scan Component 4 | . . . 2 . . . . 2 Repair 3 | . . . 1 . . . . 2 Recycling Unit Hacks . | . . . . . . . . . Scanalyzer 8 | . . 8 . . . . . . Insert Component 4 | . . 4 . . . . . . Analyze 4 | . . 4 . . . . . . Garrison Access Hacks 2 | . . . . . . . . 2 Seal Access 2 | . . . . . . . . 2 Unauthorized Hacks 34 | . 6 2 4 8 . 5 . 9 Terminals 11 | . 4 . 2 2 . . . 3 Botnet 7 | . 3 . 2 1 . . . 1 Operators 1 | . . . . . . . . 1 Skim 3 | . 1 . . 1 . . . 1 Fabricators 1 | . . . . . . . . 1 Recompile 1 | . . . . . . . . 1 Repair Stations 1 | . . 1 . . . . . . Patch 1 | . . 1 . . . . . . Recycling Units 21 | . 2 1 2 6 . 5 . 5 Tunnel 11 | . 2 1 2 6 . . . . Fedlink 10 | . . . . . . 5 . 5 Scanalyzers . | . . . . . . . . . Garrison Access . | . . . . . . . . . Data Cores Recovered . | . . . . . . . . . Used . | . . . . . . . . . Hacking Detections 33 | . 6 2 6 7 . 1 . 11 Full Trace Events 8 | . 1 1 . 5 . . . 1 Feedback Events . | . . . . . . . . . Feedback Blocked . | . . . . . . . . . Robot Schematics Acquired . | . . . . . . . . . Robots Built . | . . . . . . . . . Authchips . | . . . . . . . . . Time . | . . . . . . . . . Total Robot Build Rating . | . . . . . . . . . Part Schematics Acquired 6 | . . 4 . 2 . . . . Parts Built . | . . . . . . . . . Authchips . | . . . . . . . . . Time . | . . . . . . . . . Total Part Build Rating . | . . . . . . . . . Parts Repaired 3 | . . . 1 . . . . 2 Time 133 | . . . 51 . . . . 82 Parts Recycled . | . . . . . . . . . Recycled Matter . | . . . . . . . . . Retrieved Matter . | . . . . . . . . . Retrieved Components . | . . . . . . . . . Parts Scanalyzed 4 | . . 4 . . . . . . Part Schematics Acquired 4 | . . 4 . . . . . . Parts Damaged . | . . . . . . . . . Bothacking | -11 -10 -9 -9 -9 -9 -6 -6 -6 ------------ Run | Yrd Mat Mat Sto Rec Scr Fac Was Fac Used RIF Installer . | . . . . . . . . . Robots Hacked . | . . . . . . . . . Non-combat . | . . . . . . . . . Combat . | . . . . . . . . . Robot Hacks Applied . | . . . . . . . . . Relay Couplers Released 1 | . . . . . . . . 1 Machine Destruction 1 | . . . . . . . . 1 Fabnet Peak Effective % . | . . . . . . . . . Robots Rewired . | . . . . . . . . . Allies Hacked . | . . . . . . . . . Hacks Repelled . | . . . . . . . . . Allies | -11 -10 -9 -9 -9 -9 -6 -6 -6 -------- Run | Yrd Mat Mat Sto Rec Scr Fac Was Fac Total Allies 2 | . . . 2 . . . . . Largest Group 2 | . . . 2 . . . . . Highest-Rated Group 62 | . . . 62 . . . . . Highest-Rated Ally 31 | . . . 31 . . . . . Total Orders . | . . . . . . . . . Ally Attacks 26 | . . . 26 . . . . . Total Damage 373 | . . . 373 . . . . . Kills 6 | . . . 6 . . . . . Allies Corrupted 1 | . . . 1 . . . . . Allies Melted . | . . . . . . . . . Intel | -11 -10 -9 -9 -9 -9 -6 -6 -6 ------- Run | Yrd Mat Mat Sto Rec Scr Fac Was Fac Active Infowar (turns) 5864 | 51 1353 1227 1107 . 528 620 36 942 Optics 1223 | . . . . . . 245 36 942 Sensors 775 | . . . . . . . . 775 IFF 368 | . . . . . . 222 36 110 Seismic 4641 | 51 1353 1227 1107 . 528 375 . . Robot Analysis Total 2 | . 2 . . . . . . . Derelict Logs Recovered . | . . . . . . . . . Drone Launches . | . . . . . . . . . Drone Recoveries . | . . . . . . . . . Exploration | -11 -10 -9 -9 -9 -9 -6 -6 -6 ------------- Run | Yrd Mat Mat Sto Rec Scr Fac Was Fac Turns Passed 9876 | 176 1460 1595 1476 819 2423 949 36 942 Spaces Moved 7714 | 90 1010 803 669 484 1932 858 81 1787 Core 372 | 8 . . . . 337 26 . 1 Treads 3288 | 82 504 631 571 329 1067 104 . . Legs 145 | . . . . . . 145 . . Wheels 931 | . 506 172 98 155 . . . . Hover . | . . . . . . . . . Flight 2978 | . . . . . 528 583 81 1786 Fastest Speed 31 | 50 95 80 125 125 34 35 40 31 Average Speed 101 | 150 127 145 156 154 114 64 40 34 Slowest Speed 350 | 160 160 160 160 240 240 250 40 350 Overloaded Moves . | . . . . . . . . . Propulsion Burnouts . | . . . . . . . . . Robots Hopped 34 | . . . . . . 2 . 32 Potential Cave-ins . | . . . . . . . . . Cave-ins Triggered . | . . . . . . . . . Exploration Rate (%) 65 | 5 98 68 81 90 88 26 77 53 Regions Visited 8 Branch Regions 3 Pre-discovered Areas 18 | . 2 1 2 6 6 1 . . Known Exits Taken 2 | . . 1 . . 1 . . . Unknown Exits Taken 4 | 1 1 . 1 1 . . . . Scrap Searched 3 | . . . . . 3 . . . Spaces Dug 69 | . 25 5 . . . 12 . 27 Terrain Destroyed 299 | . 79 25 90 . . 77 . 28 Melee 25 | . . . . . . 5 . 20 Projectile 12 | . . . . . . 4 . 8 AOE 262 | . 79 25 90 . . 68 . . Terrain Rammed . | . . . . . . . . . Walls Destroyed . | . . . . . . . . . Machines Disabled . | . . . . . . . . . Actions | -11 -10 -9 -9 -9 -9 -6 -6 -6 --------- Run | Yrd Mat Mat Sto Rec Scr Fac Was Fac Total 8994 | 109 1089 1019 901 515 2153 1098 83 2027 Wait 476 | . 15 22 61 . 150 58 3 167 Move 7642 | 89 1009 802 668 483 1931 854 80 1726 Hop 31 | . . . . . . 2 . 29 Pick Up 89 | 4 4 25 14 . 24 7 . 11 Fast Attach 77 | 7 1 8 7 2 16 23 . 13 Attach 34 | . . 9 4 . 7 11 . 3 Detach 9 | . . 2 . 2 . 4 . 1 Swap 67 | . 9 14 21 5 . 9 . 9 Drop 106 | . . 23 19 3 25 25 . 11 Fire 353 | 9 49 106 99 20 . 60 . 10 Melee 70 | . . . . . . 41 . 29 Ram . | . . . . . . . . . Kick 4 | . . . . . . 4 . . Crush 9 | . 2 4 3 . . . . . Escape Stasis 18 | . . . . . . . . 18 Rewire . | . . . . . . . . . Trap . | . . . . . . . . . Miscellaneous 9 | . . 4 5 . . . . . Route ------- -11/Scrapyard -10/Materials (discovered 5 exits: *Mat x3 / [*Min] / [*Sub]) -9/Materials (discovered 4 exits: [*Mat] / *Min x2 / *Sto) -9/Storage -9/Recycling (discovered 2 exits: [*Fac] / *Scr) -9/Scraptown (discovered 2 exits: *Fac x2) -6/Factory (discovered 6 exits: Fac x4 / Low x2) -6/Waste -6/Factory (discovered 2 exits: *Low x2) History --------- Turn | Location | Event 6 | -11/Scrapyard | Discovered new exit (range 16) 177 | -11/Scrapyard | Entered Materials 311 | -10/Materials | Build established: Mutant 463 | -10/Materials | Discovered new exit (range 16) 588 | -10/Materials | Discovered new exit (range 15) 827 | -10/Materials | Discovered new exit (range 9) 922 | -10/Materials | Central database locked down 1063 | -10/Materials | Discovered new exit (range 3) 1386 | -10/Materials | Discovered new exit (range 9) 1637 | -10/Materials | Entered another Materials area 1637 | -9/Materials | Evolved 2 slots: Propulsion x1, Utility x1 2011 | -9/Materials | Lost 3 parts (2n1w) 2208 | -9/Materials | Discovered new exit (range 5) 2257 | -9/Materials | Build established: Scavenger-Mutant 2365 | -9/Materials | Discovered new exit (range 14) 2439 | -9/Materials | Discovered new exit (range 12) 2577 | -9/Materials | Discovered new exit (range 13) 3101 | -9/Materials | Identified exit to Mines 3230 | -9/Materials | Identified exit to Storage 3232 | -9/Materials | Entered Storage 3568 | -9/Storage | Repaired Hvy. Ion Engine 3875 | -9/Storage | Core integrity fell below 50% 3919 | -9/Storage | Met a pair of Derelict thieves 4034 | -9/Storage | Garrison activated, responded to threat 4638 | -9/Storage | Build established: Mutant 4702 | -9/Storage | Used back door to open Recycling access 4702 | -9/Storage | Discovered new exit (range 5) 4708 | -9/Storage | Entered Recycling 4736 | -9/Recycling | Scanned before Scraplab entrance 5192 | -9/Recycling | Discovered new exit (range 8) 5511 | -9/Recycling | Entered Scraplab 5524 | -9/Recycling | Discovered new exit (range 2) 5527 | -9/Recycling | Entered Scraptown 5527 | -9/Scraptown | System corruption cleaned by C-Scrubber 5798 | -9/Scraptown | Discovered new exit (range 11) 5915 | -9/Scraptown | Visited Comm Corps 5924 | -9/Scraptown | Visited SPCMW 5947 | -9/Scraptown | Heard Great Nut preacher, LISTEN AND RECITE! 5952 | -9/Scraptown | Visited Red Mages 5972 | -9/Scraptown | Visited Cyclists 6024 | -9/Scraptown | Visited Fellowship of the Rings 6377 | -9/Scraptown | Visited IN-MT5's Study 6407 | -9/Scraptown | Visited Shadow of the Wyrm 6592 | -9/Scraptown | Visited UFD Registry 6592 | -9/Scraptown | Registered with UFD as "Metamod" 6647 | -9/Scraptown | Visited Cartography Club 6755 | -9/Scraptown | Learned location of Recycling (-9) 6755 | -9/Scraptown | Learned 4 Mines zone layouts 6755 | -9/Scraptown | Learned 4 Recycling zone layouts 6755 | -9/Scraptown | Learned 16 Lower Caves zone layouts 6755 | -9/Scraptown | Learned 16 Upper Caves zone layouts 6755 | -9/Scraptown | Learned 12 Proximity Caves zone layouts 6755 | -9/Scraptown | Learned 16 Proximity Caves zone layouts 6755 | -9/Scraptown | Learned location of 3 exits from Factory 6755 | -9/Scraptown | Learned location of 1 exit from Upper Caves 6755 | -9/Scraptown | Identified exit to Factory 6778 | -9/Scraptown | Visited Curators Association 6796 | -9/Scraptown | Visited Chapter 10 6811 | -9/Scraptown | Visited Research Penetration Think Tank 6826 | -9/Scraptown | Visited Supply Room 6839 | -9/Scraptown | Visited Observation Area 6846 | -9/Scraptown | Visited A0-MCA Data Center 6860 | -9/Scraptown | Visited Junk Repository 6975 | -9/Scraptown | Received an X-ray algorithm 7243 | -9/Scraptown | Given an S rating by A0-MCA 7256 | -9/Scraptown | Found A0-MCA's Component Scanner 7260 | -9/Scraptown | Found Prototype Processor 7566 | -9/Scraptown | Entered Cyclist Reading Room 7573 | -9/Scraptown | Learned location of Exiles (-9) 7573 | -9/Scraptown | Learned location of Zion (-6) 7856 | -9/Scraptown | Met Optimus 7856 | -9/Scraptown | Accepted into 0bPrime 7950 | -9/Scraptown | Entered Factory 7950 | -6/Factory | Evolved 6 slots: Propulsion x1, Utility x5 7951 | -6/Factory | Identified exit to Factory 7951 | -6/Factory | Identified exit to Lower Caves 8210 | -6/Factory | Garrison activated, responded to threat 8236 | -6/Factory | Loaded intel: 8 recycling unit locations 8363 | -6/Factory | Lost 3 parts (2u1w) 8495 | -6/Factory | Lost 6 parts (1p3n1u1w) 8522 | -6/Factory | Core integrity fell below 50% 8681 | -6/Factory | Learned location of Protoforge (-2) 8899 | -6/Factory | Sucked down chute 8899 | -6/Factory | Entered Waste 8910 | -6/Waste | Spotted C-40 Crusher 8913 | -6/Waste | Spotted C-40 Crusher 8914 | -6/Waste | EMP discharged 8914 | -6/Waste | System corruption reached 10% 8916 | -6/Waste | Spotted C-40 Crusher 8918 | -6/Waste | Spotted C-40 Crusher 8925 | -6/Waste | Spotted C-40 Crusher 8929 | -6/Waste | Discovered new exit (range 13) 8934 | -6/Waste | Identified exit to Factory 8935 | -6/Waste | Entered Factory 9362 | -6/Factory | Spotted B-75 Beast 9428 | -6/Factory | Loaded intel: 8 recycling unit locations 9556 | -6/Factory | Repaired Mic. Nuclear Core 9781 | -6/Factory | Repaired Adv. Weight Redist. System 9865 | -6/Factory | Core integrity fell below 20% 9877 | -6/Factory | Destroyed by H-66 Slayer with Gauss Rifle Last Messages --------------- 09840_ ALERT: Suspicious activity at Recycling Unit F008. Dispatching Investigation squad. 09846_ ALERT: Suspicious intruders detected, dispatching Cutter reinforcements to area. 09848_ >YF BBC83BLN1W<>H4LGH4,9MJB 09848_ Slug penetrates Wall. 09848_ Penetrated by Slug. 09853_ K-01 Serf destroyed. 09860_ Nuclear Pulse Thruster destroyed. 09861_ Dropped Mni. Assault Cannon. 09862_ Knocked back. 09862_ K-01 Serf knocked back. 09864_ Adv. Reaction Control System severed. 09864_ Mic. Nuclear Core severed. 09865_ Nuclear Pulse Thruster destroyed. 09867_ Critical hit (Burn: +37). 09867_ Scythe destroyed. 09870_ JPZWB NOA|V4C VUFK/X5IW&=>8LFJN:H8W